 Dungeon Crawl Stone Soup version 0.27-a0-920-gb2bd10914a (webtiles) character file.

Game seed: 9103377925290962090

231 Lanoc the Twirler (level 5, -5/45 HPs)
             Began as a Draconian Gladiator on Apr 9, 2021.
             Was a Follower of Fedhas.
             Slain by a scorpion (6 damage)
             ... on level 4 of the Dungeon.
             The game lasted 00:04:41 (2970 turns).

Lanoc the Twirler (Draconian Gladiator)             Turns: 2970, Time: 00:04:42

Health: -5/45      AC:  7    Str: 16    XL:     5   Next: 73%
Magic:  6/6        EV: 13    Int:  9    God:    Fedhas [*.....]
Gold:   95         SH:  0    Dex: 13    Spells: 4/4 levels left

rFire    + . .     SeeInvis .   a - +0 quarterstaff
rCold    + . .     Faith    .   (shield currently unavailable)
rNeg     . . .     Spirit   .   (armour unavailable)
rPois    +         Reflect  .   b - +0 hat
rElec    +         Harm     .   (no cloak)
rCorr    +         Rampage  .   g - +1 pair of gloves
Will     .....                  (no boots)
Stlth    +.........             (no amulet)
HPRegen  0.15/turn              j - ring of resist corrosion
MPRegen  0.10/turn              (no ring)

@: mighty, lethally poisoned (-5 -> -7), resistant, attractive
A: AC +5, unfitting armour, cold-blooded
a: Renounce Religion


You were on level 4 of the Dungeon.
You worshipped Fedhas.
Fedhas was aware of your devotion.
You visited 1 branch of the dungeon, and saw 4 of its levels.

You collected 130 gold pieces.
You spent 35 gold pieces at shops.

Inventory:

Hand Weapons
 a - a +0 quarterstaff (weapon)
Missiles
 c - a throwing net (quivered)
 o - 3 curare-tipped darts
Armour
 b - a +0 hat (worn)
 g - a +1 pair of gloves (worn)
Jewellery
 j - a ring of resist corrosion (left hand)
Scrolls
 d - a scroll of summoning
 f - a scroll of fear {unknown}
 l - a scroll of magic mapping
 m - a scroll of teleportation
Potions
 e - 2 potions of flight


   Skills:
 + Level 3.5 Fighting
 * Level 4.8 Staves
 - Level 1.7 Throwing
 + Level 3.5 Dodging
 * Level 2.3 Invocations


You had 4 spell levels left.
You didn't know any spells.
Your spell library contained the following spells:

 Spells                   Type           Power      Damage    Failure   Level
 Corona                   Hex            0%         N/A       38%         1
 Magic Dart               Conj           0%         1d3       38%         1
 Blink                    Tloc           N/A        N/A       52%         2
 Call Imp                 Summ           0%         N/A       52%         2
 Ensorcelled Hibernation  Hex/Ice        0%         N/A       52%         2
 Slow                     Hex            0%         N/A       52%         2
 Confusing Touch          Hex            0%         N/A       77%         3
 Conjure Flame            Conj/Fire      0%         6-21      77%         3
 Dazzling Flash           Conj/Hex       0%         N/A       77%         3
 Mephitic Cloud           Conj/Pois/Air  0%         N/A       77%         3
 Tukima's Dance           Hex            0%         N/A       77%         3


Dungeon Overview and Level Annotations

Branches:
Dungeon (4/15)
 Temple: D:4-7

Altars:
Fedhas
Okawaru
Xom

Shops:
D:2 [??(


Innate Abilities, Weirdness & Mutations

Your plain brown scales are hard. (AC +5)
You cannot fit into any form of body armour.
You are cold-blooded and may be slowed by cold attacks.


Message History

The scorpion is severely wounded.
You feel sick.
The scorpion struggles against the net.
You hit the scorpion.
You tail-slap the scorpion, but do no damage.
The scorpion is almost dead.
You feel sick.
The scorpion struggles against the net.
The net rips apart, and the scorpion comes free!
You hit the scorpion but do no damage.
You tail-slap the scorpion, but do no damage.
The scorpion is almost dead.
You feel sick. The scorpion stings you.
* * * LOW HITPOINT WARNING * * *
You are lethally poisoned!
The scorpion poisons you! The scorpion misses you.
You closely miss the scorpion.
The scorpion is almost dead.
* * * LOW HITPOINT WARNING * * *
You feel very sick. The scorpion barely misses you.
It was a potion of attraction.
You feel attractive to monsters.
* * * LOW HITPOINT WARNING * * *
You feel sick.
The scorpion stings you but does no damage.
It was a potion of resistance.
You feel protected.
You hear the slow rusting of a distant drain.
* * * LOW HITPOINT WARNING * * *
You feel sick. The scorpion stings you.
* * * LOW HITPOINT WARNING * * *
The orc is pulled toward you!
You feel very mighty all of a sudden.
* * * LOW HITPOINT WARNING * * *
You feel sick. The scorpion completely misses you.
You closely miss the scorpion.
The scorpion is almost dead.
* * * LOW HITPOINT WARNING * * *
You feel sick. The scorpion stings you.
You die...
Fedhas appreciates your contribution to the ecosystem.

,,,**,**********#..#.#.##..##..#
,,,**,* *....#.##..##..#
,,,**,***########+#..#.##..##..#
*****,*,,...........)#........,**
*,*,,..(.......#.......#..,,,
*,*,,..........#.#.##..#*****
*,*,,..........#.o.#*.....,,,
*,*,,..........##..#*,####***
**+*,,......(@..##..##.### **
****,,,,,.#######s###.......# *,
,,,+,,,,,,* #.........##.#.# *,
****,,,,,,* #.........#*,#,* *,
*,,,,,,* #.........#*,*,****,
*,,,,,,* #.........#*,*,*,,*,
******** #..........#,*,*,,*,
####+#####.#,,,,,,*,
*****************,* *.#,,,**,*,


You could see a scorpion.

Vanquished Creatures
  A black bear (D:4)
  An orc priest (D:4)
  A hound (D:4)
  An adder zombie (D:3)
  A worm (D:2)
  3 dart slugs
  2 orcs
  5 ball pythons
  10 bats
  An endoplasm (D:3)
  4 giant cockroaches
  6 hobgoblins
  6 jackals (D:1)
  3 quokkas
  6 frilled lizards
  8 goblins
  6 kobolds
  3 rats
68 creatures vanquished.

Notes
Turn   | Place    | Note
-------+----------+-------------------------------------------
     0 | D:1      | Lanoc the Draconian Gladiator began the quest for the Orb.
     0 | D:1      | Reached XP level 1. HP: 17/17 MP: 1/1
   193 | D:1      | Reached XP level 2. HP: 16/25 MP: 2/2
  1199 | D:2      | Reached XP level 3. HP: 24/30 MP: 3/3
  1435 | D:2      | Found Ciugotoh's Magic Scroll Emporium.
  1671 | D:2      | Found Qealets's Weapon Emporium.
  1792 | D:2      | Found Oruhil's Magic Scroll Boutique.
  1801 | D:2      | Bought a scroll of magic mapping for 35 gold pieces
  1998 | D:2      | Found Toogg's Antique Armour Emporium.
  2216 | D:3      | Reached skill level 4 in Staves
  2259 | D:3      | Found an iron altar of Okawaru.
  2376 | D:3      | Reached XP level 4. HP: 38/38 MP: 4/4
  2449 | D:3      | Found a faded altar of an unknown god.
  2486 | D:3      | Became a worshipper of Fedhas Madash
  2486 | D:3      | Reached * piety under Fedhas
  2750 | D:3      | Found a shimmering altar of Xom.
  2908 | D:4      | Reached skill level 1 in Invocations
  2931 | D:4      | Noticed a black bear
  2932 | D:4      | Noticed a scorpion
  2935 | D:4      | Reached XP level 5. HP: 43/45 MP: 4/6
  2955 | D:4      | Killed a black bear
  2969 | D:4      | HP: 2/45 [poisoned by a scorpion]
  2970 | D:4      | Slain by a scorpion

Illustrated notes

Levels and vault maps discovered:
D:1:      eino_arrival_tree_alley, layout_basic
D:2:      layout_basic, serial_shops, nicolae_shop_trees, shop,
          nicolae_shop_statue_plus, shop, grunt_ministairs_9
D:3:      layout_rooms, tgw_xom, okawaru_gym_becter,
          shapermc_ecumenical_altar_mp_ritualfount, minmay_strange_pillars,
          grunt_ministairs_14, minmay_close_crescents
D:4:      layout_basic, gup_sewer_entry_glass, uniq_blork_the_orc

Skill      XL: |  1  2  3  4  5 |
---------------+----------------+-----
Dodging        | 3 |  3.5
Fighting       | 3 |  3.5
Staves         | 4 |  4.8
Invocations    | 1 2 |  2.3
Throwing       | |  1.7

Action                   |  1- 3 |  4- 6 || total
-------------------------+-------+-------++-------
Melee: Quarterstaff      |   166 |    71 ||   237
       Tailslap          |    17 |    12 ||    29
Throw: Throwing net      |       |     2 ||     2
  Use: Scroll            |       |     5 ||     5
       Potion            |       |     3 ||     3
 Stab: Sleeping          |     2 |       ||     2
Armor: Skin              |    64 |    18 ||    82
Dodge: Dodged            |   145 |    44 ||   189

Table legend: (Time is in decaauts)
 A = Elapsed time spent in this place.
 B = Non-inter-level travel time spent in this place.
 C = Inter-level travel time spent in this place.
 D = Time resting spent in this place.
 E = Time spent auto-exploring this place.
 F = Levels seen in this place.
 G = Mean time per level.
                   A        B        C        D        E       F      G
               +--------+--------+--------+--------+--------+-----+--------+
         Total |   3000 |   2906 |     94 |      0 |   2409 |   4 |  750.0 |
       Dungeon |   3000 |   2906 |     94 |      0 |   2409 |   4 |  750.0 |
               +--------+--------+--------+--------+--------+-----+--------+

Top non-repeatable levels by time:
     D:1: 1199 daAuts
     D:2: 988 daAuts
     D:3: 710 daAuts
     D:4: 102 daAuts
